 Dungeon Crawl Stone Soup version 0.26-a0-1035-g76280ab330 (webtiles) character file.

Game seed: 17155141934081972470

0 Dracia the Sneak (level 1, 0/18 HPs)
             Began as a Merfolk Delver on Dec 10, 2020.
             Slain by a hound (5 damage)
             ... on level 5 of the Dungeon.
             The game lasted 00:00:39 (129 turns).

Dracia the Sneak (Merfolk Delver)                    Turns: 129, Time: 00:00:41

Health: 0/18       AC:  3    Str: 12    XL:     1   Next: 0%
Magic:  1/1        EV: 12    Int:  9    God:
Gold:   25         SH:  0    Dex: 15    Spells: 0/0 levels left

rFire    . . .     SeeInvis .   a - +0 spear
rCold    . . .     Faith    .   (no shield)
rNeg     . . .     Spirit   .   b - +0 leather armour
rPois    .         Reflect  .   (no helmet)
rElec    .         Harm     .   (no cloak)
rCorr    .         Rampage  .   (no gloves)
Will     .....                  (no boots)
Stlth    +++.......             (no amulet)
HPRegen  0.06/turn              (no ring)
MPRegen  0.07/turn              (no ring)

@: hasted, very quick
A: change form in water, swift swim, stealthy swim
a: no special abilities


You were on level 5 of the Dungeon.
You visited 1 branch of the dungeon, and saw 1 of its levels.

You collected 25 gold pieces.


   Skills:
 - Level 3.2 Fighting
 + Level 3.0 Polearms
 - Level 2.6 Dodging
 - Level 5.4 Stealth


You couldn't memorise any spells.
You didn't know any spells.
Your spell library was empty.

Inventory:

Hand Weapons
 a - a +0 spear (weapon)
Armour
 b - a +0 leather armour (worn)
Wands
 g - a wand of digging (3)
Scrolls
 c - a scroll of fog
 e - a scroll of fear
 h - a scroll of enchant armour {unknown}

Dungeon Overview and Level Annotations

Branches:
Dungeon (5/15)
 Temple: D:4-7

Altars:

Portals:
Sewer: D:5

Annotations:
D:5 3 runed translucent doors, Killmatronix's ghost, novice OpHu; Megustar's ghost, novice DEAE; casual's ghost, weakling TrDe

**...........# ***,,,,,
***,..........#* ***,,,
**8,8..........## ***,
*,,,,..##+##....#*###### *8
**,,,..#≈≈≈#..##..#....####*#
*,,,..#≈≈≈#..#**,........##8
*,,,..#≈∩B#5## **#..........
**,*#.#≈≈S#h# #?........8
***#.#≈SS#@# #..........
#.#####.######..........
#.......................
######...######.........
#...# #......... #####
#......... #.........
##........ #......##


You could see a hound, 3 adders, a white imp and a giant cockroach.


Message History

You closely miss the hound.
The hound is moderately wounded.
The hound closely misses you.
You hit the hound.
The hound is heavily wounded.
The hound bites you. The hound misses you.
You completely miss the hound.
The hound is heavily wounded.
The hound bites you.
You barely miss the hound.
The hound is heavily wounded.
The hound bites you.
* * * LOW HITPOINT WARNING * * *
The hound misses you.
You hit the hound but do no damage.
The hound is heavily wounded.
The giant cockroach waves its antennae.
The hound completely misses you.
You miss the hound.
The hound is heavily wounded.
The hound bites you.
* * * LOW HITPOINT WARNING * * *
Unknown command.
Okay, then.
You feel yourself speed up. The hound barely misses you. The hound bites you.
* * * LOW HITPOINT WARNING * * *
You hit the hound.
The hound is heavily wounded.
The hound bites you.
You die...

Action                   || total
-------------------------++-------
Melee: Spear             ||     8
  Use: Scroll            ||     1
       Potion            ||     1
Armor: Leather armour    ||     2
Dodge: Dodged            ||     5

Levels and vault maps discovered:
D:5:      layout_cave_pods, nicolae_overflow_crystal_walls, old_standard_altar,
          gup_sewer_entry_glass, serial_column_ruins, column_ruins_pillar_2,
          column_ruins_pillar_6, column_ruins_pillar_9, column_ruins_pillar_1,
          column_ruins_pillar_9, column_ruins_pillar_1, column_ruins_pillar_7,
          column_ruins_pillar_10, column_ruins_pillar_4, column_ruins_pillar_1,
          column_ruins_pillar_1, column_ruins_pillar_3, column_ruins_pillar_1,
          column_ruins_pillar_11, column_ruins_pillar_3, column_ruins_pillar_6,
          column_ruins_pillar_3, column_ruins_pillar_1, gammafunk_ghost_cemetery

Notes
Turn   | Place    | Note
-------+----------+-------------------------------------------
     0 | D:5      | Dracia the Merfolk Delver began the quest for the Orb.
     0 | D:5      | Reached XP level 1. HP: 18/18 MP: 1/1
     5 | D:5      | Found a runed translucent gate.
     5 | D:5      | Found a runed translucent gate.
     5 | D:5      | Found a runed translucent gate.
    48 | D:5      | Noticed Killmatronix's ghost (novice OpHu)
    48 | D:5      | Noticed Megustar's ghost (novice DEAE)
    49 | D:5      | Noticed casual's ghost (weakling TrDe)
   107 | D:5      | Found a glowing drain.
   113 | D:5      | Noticed a hound
   129 | D:5      | Slain by a hound

Vanquished Creatures (others)
  2 withered plants (D:5)
2 creatures vanquished.

Table legend: (Time is in decaauts)
 A = Elapsed time spent in this place.
 B = Non-inter-level travel time spent in this place.
 C = Inter-level travel time spent in this place.
 D = Time resting spent in this place.
 E = Time spent auto-exploring this place.
 F = Levels seen in this place.
 G = Mean time per level.
                   A        B        C        D        E       F      G
               +--------+--------+--------+--------+--------+-----+--------+
         Total |    128 |    128 |      0 |      0 |      0 |   1 |  128.0 |
       Dungeon |    128 |    128 |      0 |      0 |      0 |   1 |  128.0 |
               +--------+--------+--------+--------+--------+-----+--------+

Top non-repeatable levels by time:
     D:5: 128 daAuts

Table legend:
 A = Non-vault XP
 B = Vault XP
 C = Vault XP percentage of total XP
 D = Non-vault monster count
 E = Vault monster count
 F = Vault count percentage of total count
                 A         B        C        D         E       F
            +---------+---------+-------+---------+---------+-------
      Total |       0 |       0 |   N/A |       0 |       0 |  -nan
            +---------+---------+-------+---------+---------+-------
            +---------+---------+-------+---------+---------+-------
